 Dungeon Crawl Stone Soup version 0.28.0-45-g0d030f2227 (webtiles) character file.

Game seed: 12374946384424544482

11567 Iusername the Spear-Bearer (level 11, -7/99 (100) HPs)
             Began as a Minotaur Fighter on Apr 5, 2022.
             Was a Believer of Dithmenos.
             Mangled by a sun demon (16 damage)
             ... summoned by a kobold demonologist
             ... on level 11 of the Dungeon.
             The game lasted 00:33:26 (11235 turns).

Iusername the Spear-Bearer (Minotaur Fighter)      Turns: 11235, Time: 00:33:27

HP:   -7/99 (100)   AC: 24    Str: 27    XL:     11   Next: 51%
MP:   29/29         EV:  8    Int: 12    God:    Dithmenos [**....]
Gold: 601           SH:  6    Dex: 10    Spells: 10/10 levels left

rFire   . . .      SeeInvis .   d - +6 spear "Nofar" {spect, MP+9 Str+4}
rCold   . . .      Faith    .   c - +0 buckler
rNeg    . . .      Spirit   .   e - +2 plate armour
rPois   .          Reflect  .   z - +3 hat of Pondering {ponderous, Will+ MP+10 Int+5}
rElec   .          Harm     .   y - scarf {repulsion}
rCorr   .          Rampage  .   r - +1 pair of gloves
Will    +....                   G - +0 pair of boots
Stlth   ..........              (no amulet)
HPRegen 0.26/turn               (no ring)
MPRegen 0.21/turn               (no ring)

@: mighty, about to teleport, wreathed by umbra, lightly drained, repel
missiles, slow
A: horns 2, retaliatory headbutt
a: Renounce Religion, Shadow Step


You were on level 11 of the Dungeon.
You worshipped Dithmenos.
Dithmenos was pleased with you.
You visited 1 branch of the dungeon, and saw 10 of its levels.

You collected 601 gold pieces.

Inventory:

Hand Weapons
 d - the +6 spear "Nofar" (weapon) {spect, MP+9 Str+4}
   (You found it on level 4 of the Dungeon)

   When its wielder attacks, the weapon's spirit leaps out and strikes again.
   The spirit shares a part of any damage it takes with its wielder.
   Str:       It affects your strength (+4).
   MP:        It affects your magic capacity (+9).
 D - a +7 dire flail of freezing
 E - the +10 whip of the Wizarding Fox {venom, Fly Str-4 Int+2 Dex+9}
   (You found it on level 10 of the Dungeon)

   It poisons the flesh of those it strikes.
   Str:       It affects your strength (-4).
   Int:       It affects your intelligence (+2).
   Dex:       It affects your dexterity (+9).
   Fly:       It grants you flight.
Armour
 b - a +0 scale mail
 c - a +0 buckler (worn)
 e - a +2 plate armour (worn)
 r - a +1 pair of gloves (worn)
 y - a scarf of repulsion (worn)
 z - the +3 hat of Pondering (worn) {ponderous, Will+ MP+10 Int+5}
   (You took it off Gastronok on level 9 of the Dungeon)

   Int:       It affects your intelligence (+5).
   MP:        It affects your magic capacity (+10).
   Will:      It increases your willpower.
 G - a +0 pair of boots (worn)
Jewellery
 u - an amulet of magic regeneration
Wands
 n - a wand of mindburst (7)
 B - a wand of polymorph (7)
 C - a wand of charming (1) (quivered)
 I - a wand of acid (7)
Scrolls
 l - a scroll of silence
 m - a scroll of amnesia
 p - a scroll of summoning {unknown}
 t - 2 scrolls of noise {unknown}
 F - a scroll of fog
 K - a scroll of enchant weapon
Potions
 f - 2 potions of invisibility {unknown}
 g - 4 potions of cancellation
 h - 5 potions of magic
 i - 3 potions of haste
 j - 3 potions of degeneration
 k - a potion of flight {unknown}
 o - 2 potions of mutation {unknown}
 q - a potion of attraction
 v - 3 potions of lignification {unknown}
 w - 2 potions of curing {unknown}
 x - 3 potions of ambrosia {unknown}
 A - a potion of berserk rage {unknown}
 H - a potion of brilliance {unknown}


   Skills:
 + Level 10.2 Fighting
 + Level 1.8 Maces & Flails
 + Level 12.4 Polearms
 + Level 12.1 Armour
 + Level 1.9 Dodging
 + Level 2.0 Stealth
 + Level 10.1 Shields
 + Level 0.5 Evocations


You had 10 spell levels left.
You didn't know any spells.
Your spell library contained the following spells:

 Spells                   Type           Power      Damage    Failure   Level
 Freeze                   Ice            0%         1d3       97%         1
 Scorch                   Fire           0%         2d5       99%         2
 Frozen Ramparts          Ice            0%         1d2       100%        3
 Flame Wave               Conj/Fire      0%         2d4       100%        4
 Hailstorm                Conj/Ice       0%         3d3       100%        4
 Ice Form                 Ice/Tmut       0%         N/A       100%        4
 Simulacrum               Ice/Necr       0%         N/A       100%        6
 Summon Cactus Giant      Summ           0%         N/A       100%        6


Dungeon Overview and Level Annotations

Branches:
Dungeon (11/15)            Temple (0/1) D:6            Lair (0/6) D:11
    Orc: D:9-12

Altars:
Ashenzari
Dithmenos
Gozag
Hepliaklqana
Kikubaaqudgha
Makhleb
Ru
Uskayaw
Vehumet
Yredelemnul
The Shining One

Shops:
D:2 *

Portals:
Sewer: D:6


Innate Abilities, Weirdness & Mutations

You have a pair of horns on your head.
You reflexively headbutt those who attack you in melee.


Message History

You block the ufetubus's attack.
The basilisk bites you but does no damage.
The basilisk barely misses you.
You barely miss the soul eater.
The soul eater is severely wounded.
Your +6 spear "Nofar" {spect, MP+9 Str+4} completely misses the soul eater.
The soul eater closely misses you.
You puncture the soul eater! You headbutt the soul eater!
You kill the soul eater!
The soul eater disappears in a puff of smoke!
You block the basilisk's attack. The basilisk gazes at you.
You resist with almost no effort. The basilisk barely misses you.
The sun demon resists with almost no effort.
The basilisk bites you.
The kobold demonologist looks satisfied for a moment.
You are too injured to fight recklessly!
You barely miss the sun demon.
Your +6 spear "Nofar" {spect, MP+9 Str+4} closely misses the sun demon.
The ufetubus hits you but does no damage. x2
You block the sun demon's attack. The basilisk closely misses you.
You hit the sun demon. Your headbutt misses the sun demon.
The sun demon is lightly wounded.
Your +6 spear "Nofar" {spect, MP+9 Str+4} hits the sun demon from afar.
The ufetubus barely misses you. You furiously retaliate!
You headbutt the ufetubus. You block the ufetubus's attack.
The crimson imp blinks!
The kobold demonologist mumbles some strange words.
The basilisk bites you! The sun demon hits you.
You are engulfed in flames!
* * * LOW HITPOINT WARNING * * *
As you read the scroll of teleportation, it crumbles to dust.
You feel strangely unstable. You block the ufetubus's attack.
The ufetubus barely misses you.
The basilisk bites you but does no damage.
The kobold demonologist casts a spell.
The sun demon hits you!
* * * LOW HITPOINT WARNING * * *
You are engulfed in flames!
You die...

#..........#
#..........#
#..........+
#..........# #.
#..........# ##...
#..†(...<..##.....
#.....5<5..#5.....
#..>.....5†)4.....
#.......@3K†.....>
#......§ll5...P...
#..........#......
####+########.....
##... #.. #


You could see a sun demon (summoned), a rust devil (summoned), a kobold
demonologist, 2 basilisks, a quasit (summoned), 2 crimson imps and 2 ufetubi.

Vanquished Creatures
  Gastronok (D:9)
  2 hydras (D:11)
  Erica (D:9)
  3 two-headed ogres
  An ugly thing (D:10)
  Joseph (D:7)
  A gargoyle (D:10)
  A hornet (D:10)
  7 yaks
  2 wyverns
  An acid dragon (D:9)
  A water moccasin (D:7)
  Duvessa (D:7)
  4 orc warriors
  2 black bears (D:4)
  4 ogres
  4 necrophages
  3 centaurs
  A kobold brigand (D:9)
  2 phantoms
  A bullfrog (D:7)
  4 scorpions
  A wyvern zombie (D:5)
  A water moccasin skeleton (D:5)
  Dowan (D:7)
  5 killer bees (D:7)
  10 wights
  4 bullfrog zombies
  2 hounds
  A jelly (D:6)
  A gnoll shaman (D:6)
  3 centaur zombies
  2 orc priests
  A bullfrog skeleton (D:6)
  Natasha (thrice) (D:4)
  An iguana (D:5)
  7 orc wizards
  Robin (D:4)
  6 gnolls
  5 adders
  2 shadow imps (D:7)
  2 white imps
  2 ufetubi
  2 adder skeletons (D:4)
  9 dart slugs
  A worm (D:6)
  26 orcs
  10 ball pythons
  5 bats
  5 endoplasms
  2 giant cockroaches (D:1)
  13 goblins
  12 hobgoblins
  10 jackals
  7 kobolds
  2 quokkas
  6 frilled lizards
  3 rats
222 creatures vanquished.

Vanquished Creatures (others)
  A two-headed ogre (D:11)
  A wyvern (D:11)
  An orc wizard (D:4)
  An orc (D:10)
  A fungus (D:11)
  8 plants (D:4)
13 creatures vanquished.

Grand Total: 235 creatures vanquished

Notes
Turn   | Place    | Note
-------+----------+-------------------------------------------
     0 | D:1      | Iusername the Minotaur Fighter began the quest for the Orb.
     0 | D:1      | Reached XP level 1. HP: 19/19 MP: 0/0
   174 | D:1      | Reached XP level 2. HP: 27/27 MP: 1/1
   588 | D:1      | Reached XP level 3. HP: 32/33 MP: 2/2
  1208 | D:2      | Found Yggoetir's Assorted Antiques.
  2001 | D:2      | Reached XP level 4. HP: 38/41 MP: 3/3
  2483 | D:3      | Found a glowing golden altar of the Shining One.
  2669 | D:3      | Reached skill level 5 in Armour
  2669 | D:3      | Reached XP level 5. HP: 30/47 MP: 4/4
  3349 | D:4      | HP: 2/47 [something (2)]
  3577 | D:4      | Reached skill level 5 in Fighting
  3678 | D:4      | Noticed a black bear
  3684 | D:4      | Killed a black bear
  3685 | D:4      | Reached skill level 5 in Polearms
  3685 | D:4      | Reached XP level 6. HP: 55/56 MP: 5/5
  3809 | D:4      | Found an opulent altar of Gozag.
  4423 | D:4      | Noticed Natasha
  4432 | D:4      | Killed Natasha
  4505 | D:4      | Noticed Natasha
  4524 | D:4      | Killed Natasha
  4600 | D:4      | Noticed Robin
  4613 | D:4      | Killed Robin
  4623 | D:4      | Reached XP level 7. HP: 58/61 MP: 6/6
  4750 | D:4      | Identified the +6 spear "Nofar" {spect, MP+9 Str+4}
  4879 | D:4      | Found a hazy altar of Hepliaklqana.
  4879 | D:4      | Found a sacrificial altar of Ru.
  4879 | D:4      | Found an ancient bone altar of Kikubaaqudgha.
  5101 | D:4      | Noticed Natasha
  5106 | D:4      | Killed Natasha
  5177 | D:5      | Entered Level 5 of the Dungeon
  5345 | D:5      | Reached skill level 5 in Shields
  5617 | D:5      | Reached XP level 8. HP: 70/70 MP: 7/7
  6104 | D:5      | Found a radiant altar of Vehumet.
  6110 | D:5      | Found a shadowy altar of Dithmenos.
  6118 | D:5      | Became a worshipper of Dithmenos the Shadowed
  6158 | D:5      | Found a basalt altar of Yredelemnul.
  6434 | D:6      | Found a staircase to the Ecumenical Temple.
  6456 | D:6      | Reached skill level 1 in Dodging
  6482 | D:6      | Reached XP level 9. HP: 70/78 MP: 8/8
  6596 | D:6      | Found a glowing drain.
  6671 | D:6      | Found a broken altar of Ashenzari.
  6957 | D:7      | Noticed Joseph
  6968 | D:7      | Killed Joseph
  7006 | D:7      | Reached * piety under Dithmenos
  7034 | D:7      | Reached skill level 10 in Polearms
  7289 | D:7      | Noticed Duvessa
  7294 | D:7      | Killed Duvessa
  7300 | D:7      | Noticed Dowan
  7309 | D:7      | Killed Dowan
  7614 | D:7      | You fall into a shaft and drop 2 floors!
  7620 | D:9      | Reached XP level 10. HP: 83/88 MP: 9/9
  7629 | D:9      | Reached skill level 10 in Armour
  7630 | D:9      | Reached ** piety under Dithmenos
  8305 | D:9      | Noticed a two-headed ogre
  8311 | D:9      | Killed a two-headed ogre
  8465 | D:9      | Noticed Gastronok
  8481 | D:9      | Killed Gastronok
  8482 | D:9      | Reached skill level 1 in Stealth
  8813 | D:9      | Noticed a two-headed ogre
  8820 | D:9      | Killed a two-headed ogre
  9099 | D:9      | Noticed Erica
  9113 | D:9      | Killed Erica
  9114 | D:9      | Reached XP level 11. HP: 73/97 MP: 10/10
  9685 | D:10     | Entered Level 10 of the Dungeon
  9797 | D:10     | Found a hide-covered altar of Uskayaw.
  9797 | D:10     | Noticed a +0 spear
  9797 | D:10     | Noticed a +0 falchion
  9798 | D:10     | Noticed a +0 dagger
  9800 | D:10     | Noticed a +0 falchion
  9802 | D:10     | Noticed a +0 short sword
  9803 | D:10     | Noticed a +0 spear
  9803 | D:10     | Noticed a +0 short sword
  9810 | D:10     | Noticed a +0 dagger
  9946 | D:10     | Found a burning altar of Makhleb.
  9970 | D:10     | Identified the +10 whip of the Wizarding Fox {venom, Fly
                  | Str-4 Int+2 Dex+9}
 10199 | D:10     | Noticed a red ugly thing
 10212 | D:10     | Killed a red ugly thing
 10767 | D:10     | Noticed a two-headed ogre
 10776 | D:10     | Killed a two-headed ogre
 11106 | D:10     | Reached skill level 1 in Maces & Flails
 11164 | D:11     | Noticed a five-headed hydra
 11173 | D:11     | Killed a five-headed hydra
 11174 | D:11     | Reached skill level 10 in Fighting
 11174 | D:11     | Reached skill level 10 in Shields
 11202 | D:11     | Found a staircase to the Lair.
 11202 | D:11     | Noticed a two-headed ogre
 11202 | D:11     | Noticed an eight-headed hydra
 11205 | D:11     | Noticed a soul eater
 11218 | D:11     | Noticed a sun demon
 11218 | D:11     | Killed an eight-headed hydra
 11235 | D:11     | Mangled by a sun demon

Illustrated notes

Levels and vault maps discovered:
D:1:      nzn_arrival_depleted_hourglass, layout_basic
D:2:      layout_basic, serial_shops, nicolae_shop_hallway_stairs,
          grunt_decor_mini_mirrors, serial_bayou_ford_a
D:3:      layout_basic, mainiacjoe_overflow_concentric_impassable,
          minmay_misc_feat_x
D:4:      layout_basic, kennysheep_mini, gammafunk_temple_overflow_claw,
          mrwooster_statue_mirror, guppyfry_early_lair_pool, uniq_robin,
          uniq_natasha
D:5:      layout_loops_cross, marbit_many_paths, minitemple
D:6:      layout_loops_ring, lemuel_tele_altar,
          minmay_temple_entry_glassed_door, cheibrodos_sewer_entry_sluice
D:7:      minmay_angry_zag, layout_cave_pools, minmay_misc_feat_roman,
          uniq_joseph, uniq_duvessa
D:9:      layout_cave_pods, serial_rivers, chequers_serial_rivers_small_3,
          chequers_serial_rivers_small_b, chequers_serial_rivers_room_b,
          chequers_serial_rivers_small_a, uniq_erica, uniq_gastronok
D:10:     layout_roguey, bloody_makhleb, nicolae_uskayaw_en_pointe
D:11:     layout_roguey, david_lair_generic, erik_orc_4,
          ebering_ghost_rock_garden

Skill      XL: |  1  2  3  4  5  6  7  8  9 10 11 |
---------------+----------------------------------+-----
Fighting       | 4 5 6 8 9 10 | 10.2
Armour         | 4 5 6 8 9 11 12 | 12.1
Shields        | 4 5 6 7 9 10 | 10.1
Polearms       | 3 4 5 6 8 10 12 | 12.4
Dodging        | 1 |  1.9
Stealth        | 1 2 |  2.0
Maces & Flails | 1 |  1.8
Evocations     | |  0.5

Action                   |  1- 3 |  4- 6 |  7- 9 | 10-12 || total
-------------------------+-------+-------+-------+-------++-------
Melee: Trident           |   110 |   153 |     7 |       ||   270
       Headbutt          |    11 |    20 |    34 |    27 ||    92
       Spear             |       |       |   168 |   128 ||   296
       Whip              |       |       |       |    15 ||    15
Evoke: Wand              |       |       |       |     6 ||     6
  Use: Potion            |       |     3 |     1 |     3 ||     7
       Scroll            |       |     8 |     7 |     1 ||    16
 Stab: Distracted        |       |       |       |     3 ||     3
Armor: Scale mail        |    10 |       |       |       ||    10
       Plate armour      |    89 |   169 |   118 |    81 ||   457
Dodge: Dodged            |    37 |    57 |    41 |    60 ||   195
Block: Buckler           |    33 |    52 |    58 |    44 ||   187
